TOP OF THE 1ST |
UCLA Bruins batting - Pitching for University of Toronto Marlies : LHP Leo Gutierrez
|
Pitching: LHP Leo Gutierrez
|
|
Batting: SHB Jay Gagnon
|
0-0: Called Strike 0-1: Fly out, F6 (Flyball, 56D, EV 90.0 MPH)
|
Batting: RHB Robby Hickman
|
0-0: Called Strike 0-1: Swinging Strike 0-2: Foul Ball, location: 2F 0-2: Strikes out swinging
|
Batting: RHB German Quiroga
|
0-0: Ball 1-0: Foul Ball, location: 2F 1-1: Ground out U3 (Groundball, 3S, EV 74.4 MPH)
|
Top of the 1st over - 0 runs, 0 hits, 0 errors, 0 left on base; UCLA 0 - University of Toronto 0 |
BOTTOM OF THE 1ST |
University of Toronto Marlies batting - Pitching for UCLA Bruins : LHP Brett Reed
|
Pitching: LHP Brett Reed
|
|
Batting: RHB Rich Thurman
|
0-0: Swinging Strike 0-1: Ball 1-1: Called Strike 1-2: Ball 2-2: Foul Ball, location: 2F 2-2: Foul Ball, location: 2F 2-2: SINGLE (Groundball, 5D, EV 105.0 MPH)
|
Batting: LHB Marshall Daul
|
0-0: Ball 1-0: Called Strike Rich Thurman is caught stealing 2nd base 2-6 1-1: Foul Ball, location: 2F 1-2: Strikes out swinging
|
Batting: RHB Elijah Hunter
|
0-0: Called Strike 0-1: Fly out, F5 (Popup, 5SF, EV 68.1 MPH)
|
Bottom of the 1st over - 0 runs, 1 hit, 0 errors, 0 left on base; UCLA 0 - University of Toronto 0 |
TOP OF THE 2ND |
UCLA Bruins batting - Pitching for University of Toronto Marlies : LHP Leo Gutierrez
|
Batting: RHB Alex Collazo
|
0-0: Ball 1-0: Foul Ball, location: 2F 1-1: Foul Ball, location: 2F 1-2: Fly out, F8 (Flyball, 8RS, EV 88.8 MPH)
|
Batting: LHB Chris Jackson
|
0-0: Swinging Strike 0-1: Called Strike 0-2: Strikes out swinging
|
Batting: RHB Rusty Trader
|
0-0: Called Strike 0-1: Ball 1-1: Fly out, F7 (Line Drive, 7, EV 93.1 MPH)
|
Top of the 2nd over - 0 runs, 0 hits, 0 errors, 0 left on base; UCLA 0 - University of Toronto 0 |
BOTTOM OF THE 2ND |
University of Toronto Marlies batting - Pitching for UCLA Bruins : LHP Brett Reed
|
Batting: RHB Masaru Konno
|
0-0: Ball 1-0: Ball 2-0: Called Strike 2-1: SINGLE (Line Drive, 6D, EV 110.0 MPH)
|
Batting: LHB Jonathon Walton
|
0-0: Ball Masaru Konno steals 2nd base 1-0: Called Strike 1-1: SINGLE (Flyball, 6D, EV 91.9 MPH) Masaru Konno to third
|
Batting: RHB Simon Van Steenwyk
|
0-0: Ball 1-0: Called Strike 1-1: Ball 2-1: Ball 3-1: SINGLE (Line Drive, 8RS, EV 109.4 MPH) Masaru Konno scores Jonathon Walton to second
|
Batting: RHB Nate Henderson
|
0-0: Ball 1-0: Called Strike 1-1: Swinging Strike 1-2: Strikes out looking
|
Batting: LHB Chris Williams
|
0-0: Ball 1-0: Called Strike 1-1: Fly out, F7 (Flyball, 78S, EV 81.3 MPH)
|
Batting: RHB Kevin Dionne
|
0-0: Swinging Strike 0-1: Foul Ball, location: 2F 0-2: DOUBLE (Line Drive, 89D, EV 109.4 MPH) Jonathon Walton scores Simon Van Steenwyk to third
|
Batting: RHB Rich Thurman
|
0-0: Ball 1-0: Swinging Strike 1-1: Foul Ball, location: 2F 1-2: Ball 2-2: Foul Ball, location: 2F 2-2: Strikes out swinging
|
Bottom of the 2nd over - 2 runs, 4 hits, 0 errors, 2 left on base; UCLA 0 - University of Toronto 2 |
TOP OF THE 3RD |
UCLA Bruins batting - Pitching for University of Toronto Marlies : LHP Leo Gutierrez
|
Batting: RHB Eddie Serna
|
0-0: Ball 1-0: Called Strike 1-1: Ball 2-1: Called Strike 2-2: Foul Ball, location: 2F 2-2: Strikes out looking
|
Batting: RHB Mike Hill
|
0-0: Called Strike 0-1: Ball 1-1: Ball 2-1: Fly out, F8 (Flyball, 8RXD, EV 86.9 MPH)
|
Batting: RHB Don Burt
|
0-0: Foul Ball, location: 2F 0-1: Ball 1-1: Ball 2-1: Ball 3-1: Base on Balls
|
Batting: SHB Jay Gagnon
|
0-0: Ball 1-0: Ball Pickoff Throw to First - Out! 1-3
|
Top of the 3rd over - 0 runs, 0 hits, 0 errors, 0 left on base; UCLA 0 - University of Toronto 2 |
BOTTOM OF THE 3RD |
University of Toronto Marlies batting - Pitching for UCLA Bruins : LHP Brett Reed
|
Batting: LHB Marshall Daul
|
0-0: Ground out 5-3 (Groundball, 56, EV 79.4 MPH)
|
Batting: RHB Elijah Hunter
|
0-0: Ball 1-0: Ball 2-0: Called Strike 2-1: Ball 3-1: Ground out 6-3 (Groundball, 6, EV 99.4 MPH)
|
Batting: RHB Masaru Konno
|
0-0: Called Strike 0-1: Foul Ball, location: 2F 0-2: Ball 1-2: Fly out, F7 (Flyball, 7D, EV 93.1 MPH)
|
Bottom of the 3rd over - 0 runs, 0 hits, 0 errors, 0 left on base; UCLA 0 - University of Toronto 2 |
TOP OF THE 4TH |
UCLA Bruins batting - Pitching for University of Toronto Marlies : LHP Leo Gutierrez
|
Batting: SHB Jay Gagnon
|
0-0: Called Strike 0-1: Ball 1-1: Ball 2-1: Foul Ball, location: 2F 2-2: Ball 3-2: Foul Ball, location: 2F 3-2: Strikes out swinging
|
Batting: RHB Robby Hickman
|
0-0: Foul Ball, location: 2F 0-1: Ball 1-1: Ball 2-1: Ball 3-1: Fly out, F9 (Flyball, 89S, EV 90.6 MPH)
|
Batting: RHB German Quiroga
|
0-0: Ball 1-0: Called Strike 1-1: Foul Ball, location: 2F 1-2: Ground out 5-3 (Groundball, 56S, EV 84.4 MPH)
|
Top of the 4th over - 0 runs, 0 hits, 0 errors, 0 left on base; UCLA 0 - University of Toronto 2 |
BOTTOM OF THE 4TH |
University of Toronto Marlies batting - Pitching for UCLA Bruins : LHP Brett Reed
|
Batting: LHB Jonathon Walton
|
0-0: Ball 1-0: Called Strike 1-1: Ball 2-1: Called Strike 2-2: Foul Ball, location: 2F 2-2: Fly out, F8 (Flyball, 8LD, EV 86.9 MPH)
|
Batting: RHB Simon Van Steenwyk
|
0-0: Ball 1-0: Ball 2-0: Swinging Strike 2-1: SOLO HOME RUN (Flyball, 78XD, EV 111.9 MPH), Distance : 450 ft
|
Batting: RHB Nate Henderson
|
0-0: Ball 1-0: Ball 2-0: Ball 3-0: Base on Balls
|
Batting: LHB Chris Williams
|
0-0: Foul Ball, location: 2F 0-1: Foul Ball, location: 2F 0-2: Foul Ball, location: 2F 0-2: Ball 1-2: Ball 2-2: Strikes out swinging
|
Batting: RHB Kevin Dionne
|
0-0: Ball 1-0: Called Strike 1-1: Foul Ball, location: 2F 1-2: Strikes out swinging
|
Bottom of the 4th over - 1 run, 1 hit, 0 errors, 1 left on base; UCLA 0 - University of Toronto 3 |
TOP OF THE 5TH |
UCLA Bruins batting - Pitching for University of Toronto Marlies : LHP Leo Gutierrez
|
Pitching: RHP Ken Boyar
|
|
Batting: RHB Alex Collazo
|
0-0: Ball 1-0: SINGLE (Groundball, 6, EV 100.0 MPH)
|
Batting: LHB Chris Jackson
|
0-0: Called Strike 0-1: Foul Ball, location: 2F 0-2: Strikes out swinging
|
Batting: RHB Rusty Trader
|
0-0: Called Strike 0-1: Called Strike 0-2: Ball 1-2: Strikes out swinging
|
Batting: RHB Eddie Serna
|
0-0: Ball 1-0: Called Strike 1-1: Swinging Strike 1-2: Strikes out looking
|
Top of the 5th over - 0 runs, 1 hit, 0 errors, 1 left on base; UCLA 0 - University of Toronto 3 |
BOTTOM OF THE 5TH |
University of Toronto Marlies batting - Pitching for UCLA Bruins : LHP Brett Reed
|
Pitching: RHP Armando Berrios
|
|
Batting: RHB Rich Thurman
|
0-0: Ball 1-0: Ball 2-0: Ground out 4-3 (Groundball, 4, EV 83.8 MPH)
|
Batting: LHB Marshall Daul
|
0-0: Called Strike 0-1: Ball 1-1: Ball 2-1: Foul Ball, location: 2F 2-2: Strikes out swinging
|
Batting: RHB Elijah Hunter
|
0-0: Foul Ball, location: 2F 0-1: SOLO HOME RUN (Flyball, 78XD, EV 116.3 MPH), Distance : 444 ft
|
Batting: RHB Masaru Konno
|
0-0: Ball 1-0: Called Strike 1-1: Ball 2-1: Ball 3-1: Foul Ball, location: 2F 3-2: Fly out, F8 (Line Drive, 8LM, EV 86.9 MPH)
|
Bottom of the 5th over - 1 run, 1 hit, 0 errors, 0 left on base; UCLA 0 - University of Toronto 4 |
TOP OF THE 6TH |
UCLA Bruins batting - Pitching for University of Toronto Marlies : RHP Ken Boyar
|
Batting: RHB Mike Hill
|
0-0: Ground out U3 (Groundball, 34, EV 83.1 MPH)
|
Batting: RHB Don Burt
|
0-0: Swinging Strike 0-1: Ball 1-1: Ball 2-1: Ball 3-1: Base on Balls
|
Batting: SHB Jay Gagnon
|
0-0: Foul Ball, location: 2F 0-1: Foul Ball, location: 2F 0-2: Ball 1-2: Strikes out swinging
|
Batting: RHB Robby Hickman
|
0-0: Called Strike 0-1: Called Strike 0-2: Ball 1-2: Ball 2-2: Ball 3-2: SINGLE (Flyball, 8LS, EV 95.0 MPH) Don Burt to second Don Burt to third
|
Batting: RHB German Quiroga
|
0-0: Ball 1-0: 3-RUN HOME RUN (Line Drive, 7D, EV 110.0 MPH), Distance : 417 ft
|
Pitching: RHP Tony Cortez
|
|
Batting: RHB Alex Collazo
|
0-0: Ball 1-0: Fly out, F8 (Flyball, 8RS, EV 80.0 MPH)
|
Top of the 6th over - 3 runs, 2 hits, 0 errors, 0 left on base; UCLA 3 - University of Toronto 4 |
BOTTOM OF THE 6TH |
University of Toronto Marlies batting - Pitching for UCLA Bruins : RHP Armando Berrios
|
Batting: LHB Jonathon Walton
|
0-0: Ball 1-0: Ball 2-0: Called Strike 2-1: Called Strike 2-2: Foul Ball, location: 2F 2-2: Foul Ball, location: 2F 2-2: Fly out, F9 (Line Drive, 9S, EV 90.6 MPH)
|
Batting: RHB Simon Van Steenwyk
|
0-0: Ground out 5-3 (Groundball, 56, EV 81.9 MPH)
|
Batting: RHB Nate Henderson
|
0-0: Ground out 4-3 (Groundball, 4, EV 108.8 MPH)
|
Bottom of the 6th over - 0 runs, 0 hits, 0 errors, 0 left on base; UCLA 3 - University of Toronto 4 |
TOP OF THE 7TH |
UCLA Bruins batting - Pitching for University of Toronto Marlies : RHP Tony Cortez
|
Now in LF: Jim Lloyd
|
|
Now in CF: Marshall Daul
|
|
Now in RF: Elijah Hunter
|
|
Batting: LHB Chris Jackson
|
0-0: Ground out U3 (Groundball, 3, EV 85.0 MPH)
|
Batting: RHB Rusty Trader
|
0-0: Ball 1-0: Called Strike 1-1: Ball 2-1: Ground out 1-3 (Groundball, P, EV 63.8 MPH)
|
Pinch Hitting: LHB Luis Diaz
|
0-0: Fly out, F8 (Flyball, 8LD, EV 88.1 MPH)
|
Top of the 7th over - 0 runs, 0 hits, 0 errors, 0 left on base; UCLA 3 - University of Toronto 4 |
BOTTOM OF THE 7TH |
University of Toronto Marlies batting - Pitching for UCLA Bruins : RHP Armando Berrios
|
Now at 3B: Bill Reader
|
|
Batting: SHB Jim Lloyd
|
0-0: Ball 1-0: Ball 2-0: Foul Ball, location: 2F 2-1: SINGLE (Line Drive, 4MD, EV 97.5 MPH)
|
Pinch Hitting: LHB Jonathan Roman
|
0-0: Ball 1-0: Sac Bunt to P - play at first, batter OUT! 1-4 Jim Lloyd to second
|
Pinch Hitting: SHB Jason Todd
|
0-0: Foul Ball, location: 2F 0-1: Ball 1-1: Ball Wild Pitch! Jim Lloyd to third 2-1: Called Strike 2-2: 2-RUN HOME RUN (Flyball, 9LD, EV 93.1 MPH), Distance : 349 ft
|
Pitching: LHP Luis Cantu
|
|
Pinch Hitting: RHB Dan Allred
|
0-0: Ground out 6-3 (Groundball, 6, EV 78.8 MPH)
|
Batting: RHB Elijah Hunter
|
0-0: SOLO HOME RUN (Flyball, 9LD, EV 95.6 MPH), Distance : 339 ft
|
Pinch Hitting: RHB Jose Argueta
|
0-0: Called Strike 0-1: Fly out, F8 (Line Drive, 8LD, EV 96.3 MPH)
|
Bottom of the 7th over - 3 runs, 3 hits, 0 errors, 0 left on base; UCLA 3 - University of Toronto 7 |
TOP OF THE 8TH |
UCLA Bruins batting - Pitching for University of Toronto Marlies : RHP Tony Cortez
|
Now at 2B: Jose Argueta
|
|
Now at 3B: Fernão Manta
|
|
Now at SS: Dan Allred
|
|
Now in CF: Jonathan Roman
|
|
Pinch Hitting: LHB Tony Leyba
|
0-0: Ball 1-0: SINGLE (Groundball, 6MD, EV 107.5 MPH)
|
Batting: RHB Don Burt
|
0-0: Called Strike 0-1: Ball 1-1: Ball 2-1: Ball 3-1: SINGLE (Line Drive, 34D, EV 97.5 MPH) Tony Leyba to second
|
Pinch Hitting: RHB Jailen Mendez
|
0-0: Called Strike 0-1: Reached on error, E6 (Line Drive, 6, EV 71.9 MPH) Tony Leyba to third Don Burt to second
|
Pinch Hitting: RHB Lorenzo Diaz
|
0-0: Swinging Strike 0-1: Foul Ball, location: 2F 0-2: Fly out, F7 (Line Drive, 7, EV 96.9 MPH) Runner from 3rd tags up, SCORES, throw by LF Don Burt to third
|
Batting: RHB Leo Gonzalez
|
0-0: Called Strike 0-1: Ball 1-1: Swinging Strike 1-2: Strikes out swinging
|
Batting: RHB Alex Collazo
|
0-0: Swinging Strike 0-1: Called Strike 0-2: Foul Ball, location: 2F 0-2: Strikes out looking
|
Top of the 8th over - 1 run, 2 hits, 1 error, 2 left on base; UCLA 4 - University of Toronto 7 |
BOTTOM OF THE 8TH |
University of Toronto Marlies batting - Pitching for UCLA Bruins : LHP Luis Cantu
|
Now at 1B: Tony Leyba
|
|
Now at SS: Lorenzo Diaz
|
|
Now in CF: Jailen Mendez
|
|
Pinch Hitting: RHB Isdel Alvarez
|
0-0: Foul Ball, location: 2F 0-1: Ball 1-1: Ground out 6-3 (Groundball, 6S, EV 85.0 MPH)
|
Batting: LHB Jessie McDonough
|
0-0: Ball 1-0: Ball 2-0: Ball 3-0: Called Strike 3-1: Base on Balls
|
Batting: RHB Nate Henderson
|
0-0: Ball 1-0: Foul Ball, location: 2F 1-1: Called Strike 1-2: Ball 2-2: Fly out, F8 (Line Drive, 8LD, EV 109.4 MPH)
|
Batting: SHB Jim Lloyd
|
0-0: Ball 1-0: Foul Ball, location: 2F 1-1: SINGLE (Line Drive, 4D, EV 95.0 MPH) Jessie McDonough to second
|
Batting: LHB Jonathan Roman
|
0-0: Ball Wild Pitch! Jessie McDonough to third Jim Lloyd to second 1-0: Swinging Strike 1-1: Foul Ball, location: 2F 1-2: Ball 2-2: Fly out, F8 (Flyball, 89M, EV 91.9 MPH)
|
Bottom of the 8th over - 0 runs, 1 hit, 0 errors, 2 left on base; UCLA 4 - University of Toronto 7 |
TOP OF THE 9TH |
UCLA Bruins batting - Pitching for University of Toronto Marlies : RHP Tony Cortez
|
Pitching: RHP Edwin Martinez
|
|
Now at 1B: Francisco Marin
|
|
Batting: LHB Chris Jackson
|
0-0: Ball 1-0: Foul Ball, location: 2F 1-1: Foul Ball, location: 2F 1-2: Ball 2-2: Foul Ball, location: 2F 2-2: Foul Ball, location: 2F 2-2: Foul Ball, location: 2F 2-2: Ball 3-2: Strikes out swinging
|
Pinch Hitting: LHB Darren Sturgis
|
0-0: Ball 1-0: Ball 2-0: Foul Ball, location: 2F 2-1: Foul Ball, location: 2F 2-2: Ball 3-2: Strikes out looking
|
Batting: RHB Bill Reader
|
0-0: Ball 1-0: Fly out, F3 (Popup, 3F, EV 78.8 MPH)
|
Top of the 9th over - 0 runs, 0 hits, 0 errors, 0 left on base; UCLA 4 - University of Toronto 7 |
|